 Dungeon Crawl Stone Soup version 0.24.0-123-gd5b16e6ec5 (webtiles) character file.

Game seed: 16284364387411355135, levelgen mode: deterministic

94 Trinsec the Shield-Bearer (level 4, 0/35 HPs)
             Began as a Human Fighter on Feb 11, 2020.
             Slain by a worm (7 damage)
             ... on level 3 of the Dungeon.
             The game lasted 00:13:43 (1733 turns).

Trinsec the Shield-Bearer (Human Fighter)           Turns: 1733, Time: 00:13:44

Health: 0/35       AC:  6    Str: 18    XL:     4   Next: 94%
Magic:  4/4        EV:  8    Int:  8    God:
Gold:   81         SH:  9    Dex: 12    Spells: 3/3 levels left

rFire    + . .     SeeInvis +   a - +1 flail
rCold    x . .     Gourm    .   c - +0 shield
rNeg     . . .     Faith    .   t - +0 ring mail
rPois    .         Spirit   .   (no helmet)
rElec    .         Reflect  .   (no cloak)
rCorr    .         Harm     .   (no gloves)
MR       .....                  w - +0 pair of boots
Stlth    +.........             (no amulet)
HPRegen  0.11/turn              u - ring of see invisible
MPRegen  0.09/turn              s - ring of fire

@: no status effects
A: no striking features
a: no special abilities


You were on level 3 of the Dungeon.
You were not hungry.

You visited 1 branch of the dungeon, and saw 3 of its levels.

You collected 81 gold pieces.

Inventory:

Hand Weapons
 a - a +1 flail (weapon)
 i - a +0 short sword
 l - a +0 dagger
Missiles
 e - 28 stones (quivered)
 k - 25 poisoned darts
 m - 52 arrows
 x - 4 boomerangs
Armour
 b - a +0 scale mail
 c - a +0 shield (worn)
 h - a +0 ring mail
 j - a +0 scale mail
 n - a +0 robe
 o - a +0 leather armour
 p - a +0 leather armour
 r - a +0 leather armour
 t - a +0 ring mail (worn)
 w - a +0 pair of boots (worn)
Jewellery
 q - an uncursed ring of teleportation
 s - a ring of fire (right hand)
 u - a ring of see invisible (left hand)
Wands
 B - a wand of random effects (9)
Scrolls
 g - a scroll of magic mapping
 v - 2 scrolls of remove curse
 y - a scroll of immolation {unknown}
 C - a scroll of blinking {unknown}
Potions
 d - a potion of might
 z - a potion of cancellation {unknown}
 A - a potion of degeneration {unknown}
Comestibles
 f - 2 rations


   Skills:
 + Level 3.2 Fighting
 + Level 3.2 Maces & Flails
 + Level 3.4 Armour
 + Level 1.2 Dodging
 + Level 0.1 Stealth
 + Level 3.5 Shields


You had 3 spell levels left.
You didn't know any spells.
Your spell library was empty.

Dungeon Overview and Level Annotations

Branches:
Dungeon (3/15)

Altars:
Dithmenos
Fedhas
Kikubaaqudgha


Message History

The worm is moderately wounded.
You block the worm's attack.
You hit the worm but do no damage.
The worm is lightly wounded.
You block the worm's attack.
You sock the worm!
The worm is severely wounded.
The rat bites you but does no damage. The worm closely misses you.
You block the rat's attack.
Your shield and ring mail prevent you from hitting the worm.
The worm is severely wounded.
The rat bites you.
* * * LOW HITPOINT WARNING * * *
You hit the worm.
The worm is severely wounded.
The rat bites you but does no damage.
You hit the worm.
The worm is lightly wounded.
You block the rat's attack. The worm bites you!
You die...

.......... .......
..######.#######........
.## #..........<..... .#
#................ .#
#.........#......
########.....=..........
..........†...........##
######.................#
#....<...#..@r......
[....#...#.#..ww...(..
#.....##...............
.....................[..
##..!..#.........!....#.
#.......#.#.#..........
#.##...#.......... ..
..............


You could see 2 worms and a rat.

Vanquished Creatures
  3 adders (D:2)
  An ooze (D:3)
  A worm (D:3)
  A dart slug (D:2)
  An orc (D:3)
  5 giant cockroaches
  7 hobgoblins
  4 jackals (D:1)
  A quokka (D:3)
  A ball python (D:1)
  7 bats
  8 frilled lizards
  7 goblins
  6 kobolds
  4 rats
  A withered plant (D:2)
58 creatures vanquished.

Notes
Turn   | Place    | Note
-------+----------+-------------------------------------------
     0 | D:1      | Trinsec the Human Fighter began the quest for the Orb.
     0 | D:1      | Reached XP level 1. HP: 18/18 MP: 1/1
   201 | D:1      | Reached XP level 2. HP: 19/24 MP: 2/2
   332 | D:1      | Reached XP level 3. HP: 24/29 MP: 3/3
   986 | D:2      | Found a shadowy altar of Dithmenos.
  1005 | D:2      | Reached XP level 4. HP: 22/35 MP: 4/4
  1012 | D:2      | Reached skill level 1 in Dodging
  1264 | D:2      | Found an ancient bone altar of Kikubaaqudgha.
  1264 | D:2      | Found a blossoming altar of Fedhas.
  1733 | D:3      | Slain by a worm

Levels and vault maps discovered:
D:1:      dpeg_arrival_three_same_balls, layout_basic, minmay_tetromino_l4
D:2:      layout_rooms, grunt_temple_overflow_growth_and_decay,
          nicolae_dithmenos_through_a_glass_darkly
D:3:      layout_rooms

Skill      XL: |  1  2  3  4 |
---------------+-------------+-----
Dodging        | 1 |  1.2
Maces & Flails | 3 |  3.2
Fighting       | |  3.2
Armour         | |  3.4
Stealth        | |  0.1
Shields        | |  3.5

Action                   |  1- 3 |  4- 6 || total
-------------------------+-------+-------++-------
Melee: Flail             |   133 |    99 ||   232
  Use: Potion            |     1 |     1 ||     2
       Scroll            |     3 |       ||     3
  Eat: Ration            |     1 |       ||     1
Armor: Scale mail        |    77 |       ||    77
       Ring mail         |    15 |    45 ||    60
Dodge: Dodged            |    49 |    44 ||    93
Block: Shield            |    88 |    52 ||   140
